 Dungeon Crawl Stone Soup version 0.28.0 (webtiles) character file.

Game seed: 8048644105000999854

705 Sanktem7 the Chopper (level 7, -4/63 HPs)
             Began as a Minotaur Fighter on Feb 16, 2022.
             Slain by an ogre (21 damage)
             ... on level 5 of the Dungeon.
             The game lasted 00:04:53 (4094 turns).

Sanktem7 the Chopper (Minotaur Fighter)             Turns: 4094, Time: 00:04:53

Health: -4/63      AC: 10    Str: 23    XL:     7   Next: 39%
Magic:  6/6        EV:  8    Int:  5    God:
Gold:   165        SH:  4    Dex:  9    Spells: 6/6 levels left

rFire   . . .      SeeInvis .   i - +2 hand axe (elec)
rCold   . . .      Faith    .   c - +0 buckler
rNeg    . . .      Spirit   .   t - +0 chain mail
rPois   .          Reflect  .   (helmet restricted)
rElec   .          Harm     .   (no cloak)
rCorr   .          Rampage  .   (no gloves)
Will    .....                   (no boots)
Stlth   ..........              (no amulet)
HPRegen 0.20/turn               (no ring)
MPRegen 0.10/turn               (no ring)

@: no status effects
A: horns 2, retaliatory headbutt
a: no special abilities


You were on level 5 of the Dungeon.
You visited 1 branch of the dungeon, and saw 5 of its levels.

You collected 165 gold pieces.

Inventory:

Hand Weapons
 a - a +0 war axe
 i - a +2 hand axe of electrocution (weapon)
Armour
 c - a +0 buckler (worn)
 t - a +0 chain mail (worn)
Jewellery
 h - a ring of willpower
 o - a ring of wizardry
Wands
 p - a wand of flame (30)
Scrolls
 f - 3 scrolls of immolation {unknown}
 g - 2 scrolls of teleportation {unknown}
 l - 2 scrolls of identify {unknown}
 m - a scroll of amnesia {unknown}
 q - a scroll of fear {unknown}
 r - a scroll of blinking {unknown}
 s - a scroll of vulnerability {unknown}
Potions
 d - a potion of might
 e - a potion of berserk rage {unknown}
 j - a potion of curing {unknown}
 k - 3 potions of haste
 n - a potion of brilliance {unknown}


   Skills:
 * Level 6.0 Fighting
 * Level 6.5 Axes
 * Level 6.3 Armour
 + Level 2.2 Dodging
 - Level 3.6 Shields


You had 6 spell levels left.
You didn't know any spells.
Your spell library contained the following spells:

 Spells                   Type           Power      Damage    Failure   Level
 Call Canine Familiar     Summ           0%         N/A       100%        3
 Portal Projectile        Hex/Tloc       0%         N/A       100%        3
 Leda's Liquefaction      Hex/Erth       0%         N/A       100%        4


Dungeon Overview and Level Annotations

Branches:
Dungeon (5/15)
 Temple: D:4-7

Altars:
Elyvilon
Uskayaw
The Shining One


Innate Abilities, Weirdness & Mutations

You have a pair of horns on your head.
You reflexively headbutt those who attack you in melee.


Message History

The bullfrog zombie barely misses you. The water moccasin barely misses you.
You furiously retaliate!
You headbutt the water moccasin!
You kill the water moccasin!
The bullfrog zombie closely misses you.
The bullfrog zombie hits you but does no damage.
You see here a water moccasin corpse.
You hit the bullfrog zombie.
The bullfrog zombie is lightly damaged.
You block the bullfrog zombie's attack.
You hit the bullfrog zombie.
Your headbutt misses the bullfrog zombie.
The bullfrog zombie is lightly damaged.
The bullfrog zombie hits you.
An ogre comes into view. It is wielding a +0 giant club.
You barely miss the bullfrog zombie.
The ogre shouts!
You headbutt the bullfrog zombie.
The bullfrog zombie is moderately damaged.
The bullfrog zombie barely misses you.
The bullfrog zombie hits you but does no damage.
You barely miss the bullfrog zombie.
Your headbutt misses the bullfrog zombie.
The bullfrog zombie is moderately damaged.
You block the bullfrog zombie's attack.
You barely miss the bullfrog zombie.
The bullfrog zombie is moderately damaged.
The bullfrog zombie hits you.
You slash the bullfrog zombie! You headbutt the bullfrog zombie.
The bullfrog zombie is severely damaged.
The bullfrog zombie hits you. You block the bullfrog zombie's attack.
You slash the bullfrog zombie!
The bullfrog zombie is almost destroyed.
The bullfrog zombie closely misses you.
You slash the bullfrog zombie!
You destroy the bullfrog zombie!
Your Fighting skill increases to level 6!
The ogre hits you with a +0 giant club!!
* * * LOW HITPOINT WARNING * * *
The ogre hits you with a +0 giant club!!
You die...

.. .. #.#.# #
#.#.# ..####.#.#
.....$.# .....#
#...#
...####O@.#######
.......†.........
..######)....###
#......##
#.......#
#......##
#.....###
#.......#
#.....#.#


You could see an ogre.

Vanquished Creatures
  A water moccasin (D:5)
  An ogre (D:5)
  A scorpion (D:4)
  A bullfrog zombie (D:5)
  A hound (D:4)
  2 orc priests (D:4)
  An iguana (D:4)
  A scorpion zombie (D:4)
  5 orc wizards
  Robin (D:2)
  4 adders
  A worm (D:4)
  A dart slug (D:1)
  13 orcs
  8 endoplasms
  2 giant cockroaches
  11 goblins
  8 hobgoblins
  6 jackals
  7 quokkas
  8 ball pythons
  7 bats
  4 frilled lizards
  7 kobolds
  4 rats
106 creatures vanquished.

Notes
Turn   | Place    | Note
-------+----------+-------------------------------------------
     0 | D:1      | Sanktem7 the Minotaur Fighter began the quest for the Orb.
     0 | D:1      | Reached XP level 1. HP: 19/19 MP: 0/0
   224 | D:1      | Reached XP level 2. HP: 26/27 MP: 1/1
   394 | D:1      | Found a faded altar of an unknown god.
   774 | D:1      | Reached XP level 3. HP: 34/34 MP: 2/2
  1196 | D:2      | Noticed Robin
  1206 | D:2      | Killed Robin
  1486 | D:2      | Reached XP level 4. HP: 41/41 MP: 3/3
  2361 | D:3      | Reached skill level 1 in Dodging
  2364 | D:3      | Identified the +0 long sword of Voife {holy, Int+5 Dex+4}
  2546 | D:3      | Reached XP level 5. HP: 47/47 MP: 4/4
  2594 | D:3      | Found a glowing golden altar of the Shining One.
  2961 | D:4      | Reached skill level 5 in Fighting
  3038 | D:4      | Reached skill level 5 in Axes
  3075 | D:4      | Reached skill level 5 in Armour
  3196 | D:4      | Reached XP level 6. HP: 39/56 MP: 5/5
  3337 | D:4      | Found a hide-covered altar of Uskayaw.
  3832 | D:4      | Found a white marble altar of Elyvilon.
  4005 | D:5      | Entered Level 5 of the Dungeon
  4075 | D:5      | Reached XP level 7. HP: 52/62 MP: 6/6
  4094 | D:5      | Slain by an ogre

Illustrated notes

Levels and vault maps discovered:
D:1:      nicolae_arrival_somewhat_less_tricky_arrival, layout_basic,
          ebering_ecumenical_altar_hall, chequers_serial_rivers_room_a
D:2:      layout_loops_cross, uniq_robin
D:3:      layout_basic, nicolae_tso_swordbearing_angel, minmay_misc_feat_x
D:4:      layout_rooms, nicolae_uskayaw_murder_on_the_dancefloor,
          mainiacjoe_overflow_alcove_4
D:5:      layout_loops_ring, nemelex_spade_bored_becter,
          chequers_serial_rivers_micro_c

Skill      XL: |  1  2  3  4  5  6  7 |
---------------+----------------------+-----
Fighting       | 4 5 6 |  6.0
Armour         | 4 5 6 |  6.3
Axes           | 3 4 5 6 |  6.5
Dodging        | 1 2 |  2.2
Shields        | |  3.6

Action                   |  1- 3 |  4- 6 |  7- 9 || total
-------------------------+-------+-------+-------++-------
Melee: War axe           |    42 |       |       ||    42
       Headbutt          |     7 |    22 |     2 ||    31
       Hand axe          |    22 |   132 |    13 ||   167
Armor: Scale mail        |    59 |    57 |       ||   116
       Chain mail        |       |       |     4 ||     4
Dodge: Dodged            |    51 |    51 |     7 ||   109
Block: Buckler           |    26 |    29 |     4 ||    59
